 Dungeon Crawl Stone Soup version 0.30-a0-1050-g2766ea1e55 (webtiles) character file.

Game seed: 15115030345633848476

58 Arcadio the Grave Robber (level 3, -4/24 HPs)
             Began as a Mummy Necromancer on Apr 10, 2023.
             Killed by divine providence
             ... invoked by an orc priest
              (14 damage)
             ... on level 3 of the Dungeon.
             The game lasted 00:05:25 (1787 turns).

Arcadio the Grave Robber (Mummy Necromancer)        Turns: 1787, Time: 00:05:26

Health: -4/24      AC:  4    Str: 11    XL:     3   Next: 75%
Magic:  1/8        EV: 12    Int: 16    God:
Gold:   69         SH:  0    Dex: 12    Spells: 5/9 levels left

rFire   x x .      SeeInvis .    m - +0 flail
rCold   + + .      Faith    +    (no shield)
rNeg    + + +      Spirit   .    a - +0 robe
rPois   ∞          Reflect  .    h - +1 helmet
rElec   .          Rampage  .    (no cloak)
rCorr   .                        (no gloves)
Will    .....                    (no boots)
Stlth   ++                       (no amulet)
HPRegen 0.24/turn                j - ring of ice
MPRegen 0.11/turn                (no ring)

@: no status effects
A: cold resistance 1, negative energy resistance 3, torment resistance 2, heat
vulnerability 1, in touch with death 1, no potions, faith
a: no special abilities


You were on level 3 of the Dungeon.
You visited 1 branch of the dungeon, and saw 4 of its levels.

You collected 147 gold pieces.
You spent 78 gold pieces at shops.

Inventory:

Hand Weapons
 c - a +0 whip
 m - a +0 flail (weapon)
Armour
 a - a +0 robe (worn)
 h - a +1 helmet (worn)
Jewellery
 j - a ring of ice (left hand)
Wands
 g - a wand of polymorph (9)
Scrolls
 b - a scroll of fear
 d - a scroll of poison
 e - a scroll of brand weapon {unknown}
 f - 3 scrolls of vulnerability
 i - a scroll of summoning {unknown}
 k - a scroll of amnesia {unknown}
 l - a scroll of identify


   Skills:
 + Level 2.3 Dodging
 - Level 1.5 Stealth
 + Level 3.6 Spellcasting
 + Level 4.5 Necromancy


You had 5 spell levels left.
You knew the following spells:

 Your Spells              Type           Power      Damage    Failure   Level
a - Necrotise             Necr           100%       1d9       2%          1
b - Vampiric Draining     Necr           26%        2d7       9%          3

Your spell library contained the following spells:

 Spells                   Type           Power      Damage    Failure   Level
 Lesser Beckoning         Tloc           4%         N/A       26%         2
 Animate Dead             Necr           26%        N/A       26%         4
 Gell's Gravitas          Tloc           2%         N/A       45%         3
 Teleport Other           Tloc           2%         N/A       45%         3
 Agony                    Necr           26%        N/A       58%         5


Dungeon Overview and Level Annotations

Branches:
Dungeon (4/15) Zot: 22206
 Temple: D:4-7

Altars:

Shops:
D:1 ?


Innate Abilities, Weirdness & Mutations

You are immune to poison.
Your flesh is cold resistant. (rC+)
You are immune to negative energy. (rN+++)
You are immune to unholy pain and torment.
You are vulnerable to heat. (rF-)
You are in touch with the powers of death.
You do not drink.
You have a special connection with the divine. (Faith)


Message History

Aiming: Necrotise (safe; 2% risk of failure)
Press: ? - help, Shift-Dir - straight line, f - orc priest
Aim: an orc priest, wielding a +0 flail and wearing a +0 leather armour (ally target, chance to affect: 83%)
You feel a surge of power!
The orc priest writhes in agony.
Casting: Necrotise (safe; 2% risk of failure)
Confirm with . or Enter, or press ? or * to list all spells.
Aiming: Necrotise (safe; 2% risk of failure)
Press: ? - help, Shift-Dir - straight line, f/p - orc priest
Aim: an orc priest, wielding a +0 flail and wearing a +0 leather armour (lightly wounded, ally target, chance to affect: 83%)
You feel a surge of power!
The orc priest writhes in agony.
You closely miss the orc priest.
The orc priest is heavily wounded.
Your orc skeleton hits the orc.
The orc priest calls down the wrath of Beogh upon you.
Beogh smites you!
Ouch! That really hurt!
Casting: Necrotise (safe; 2% risk of failure)
Confirm with . or Enter, or press ? or * to list all spells.
The spell is quite dangerous to miscast (9% risk of failure)!
Continue anyway?
Aiming: Vampiric Draining (quite dangerous; 9% risk of failure)
Press: ? - help, Shift-Dir - straight line, f/p - orc priest
Aim: an orc priest, wielding a +0 flail and wearing a +0 leather armour (heavily wounded, ally target)
You feel a surge of power!
You draw life force from the orc priest.
You feel life coursing into your body.
You barely miss the orc priest.
The orc priest is almost dead.
The orc priest closely misses you.
You barely miss the orc priest.
The orc priest is almost dead.
The orc closely misses you.
The orc hits your orc skeleton with a +0 hand axe.
The orc priest hits you with a +0 flail.
Your orc skeleton barely misses the orc.
The orc closely misses you.
The orc hits your orc skeleton with a +0 hand axe.
The orc priest invokes the aid of Beogh against you.
Beogh smites you!
Ouch! That really hurt!
You die...

...............#..##.....#
......##......#.###.....#
......[.......#.# #!....#
#............###.....##
#...........###..).....
#....###..#.# #...[####
#.#.## #....###....#
#...####....#..>..)#
#...#o@.......###.##
#...#o##.....####.###
##.##...Z.##............#
#.....).)####....#.......#
..#....).................#
........o..).....##......#
.......o.......####......#
#####.....###.>#
##......### ......#
#..###..##.....#


You could see an orc priest (ally target), an orc and a friendly orc skeleton.

Vanquished Creatures
  2 dart slugs
  5 orcs (D:3)
  4 ball pythons
  5 bats
  3 endoplasms
  2 giant cockroaches
  5 goblins (D:1)
  3 hobgoblins
  2 quokkas (D:3)
  5 frilled lizards (D:1)
  5 kobolds
  3 rats
44 creatures vanquished.

Notes
Turn   | Place    | Note
-------+----------+-------------------------------------------
     0 | D:1      | Arcadio the Mummy Necromancer began the quest for the Orb.
     0 | D:1      | Reached XP level 1. HP: 13/13 MP: 4/4
   139 | D:1      | Reached XP level 2. HP: 9/19 MP: 6/6
   679 | D:1      | Found Gutoh's Magic Scroll Shop.
   697 | D:1      | Bought a scroll of identify for 26 gold pieces
   697 | D:1      | Bought a scroll of identify for 26 gold pieces
   697 | D:1      | Bought a scroll of identify for 26 gold pieces
   828 | D:1      | Gained mutation: You are in touch with the powers of death.
                  | [Mummy growth]
   828 | D:1      | Reached XP level 3. HP: 24/24 MP: 7/7
   917 | D:1      | Found a faded altar of an unknown god.
   922 | D:1      | Learned a level 3 spell: Vampiric Draining
  1356 | D:2      | You fall into a shaft and drop 2 floors!
  1787 | D:3      | Killed from afar by an orc priest

Illustrated notes

Levels and vault maps discovered:
D:1:      mainiacjoe_arrival_reflecting_pool, layout_loops_ring, serial_shops,
          nicolae_square_shop, shapermc_ecumenical_altar_mp_highgroup,
          minmay_indecisive_spiral
D:2:      cheibrodos_helix_gallery, layout_basic, eino_curves_04,
          dreamdust_wishing_well
D:3:      layout_rooms, overflow_temple_1_default, slow_altar_1
D:4:      cheibrodos_greedy_goblins, layout_basic, overflow_temple_1_default,
          chequers_serial_rivers_room_b

Skill      XL: |  1  2 |
---------------+-------+-----
Spellcasting   | 3 |  3.6
Dodging        | 2 |  2.3
Stealth        | |  1.5
Necromancy     | |  4.5

Action                     || total
---------------------------++-------
  Melee: Whip              ||    56
         Flail             ||     3
   Cast: Necrotise         ||    55
         Vampiric Draining ||     1
    Use: Scroll            ||     3
   Stab: Sleeping          ||     2
 Armour: Robe              ||    11
  Dodge: Dodged            ||    41

Table legend: (Time is in decaauts)
 A = Elapsed time spent in this place.
 B = Non-inter-level travel time spent in this place.
 C = Inter-level travel time spent in this place.
 D = Time resting spent in this place.
 E = Time spent auto-exploring this place.
 F = Levels seen in this place.
 G = Mean time per level.
                   A        B        C        D        E       F      G
               +--------+--------+--------+--------+--------+-----+--------+
         Total |   1791 |   1731 |     60 |      0 |   1419 |   4 |  447.8 |
       Dungeon |   1791 |   1731 |     60 |      0 |   1419 |   4 |  447.8 |
               +--------+--------+--------+--------+--------+-----+--------+

Top non-repeatable levels by time:
     D:1: 1190 daAuts
     D:3: 301 daAuts
     D:2: 171 daAuts
     D:4: 128 daAuts
